 Dungeon Crawl Stone Soup version 0.30-a0-778-g2ef04afb54 (webtiles) character file.

Game seed: 12191149510326002120

55 Newt the Shooter (level 4, -1/30 HPs)
             Began as a Kobold Hunter on Feb 16, 2023.
             Slain by Ijyb
             ... wielding a +0 club
              (4 damage)
             ... on level 3 of the Dungeon.
             The game lasted 00:01:20 (1225 turns).

Newt the Shooter (Kobold Hunter)                    Turns: 1225, Time: 00:01:21

Health: -1/30      AC:  6    Str: 10    XL:     4   Next: 14%
Magic:  4/4        EV: 14    Int: 10    God:
Gold:   123        SH:  0    Dex: 18    Spells: 3/3 levels left

rFire   . . .      SeeInvis .    m - +1 double sword (heavy)
rCold   . . .      Faith    .    (shield currently unavailable)
rNeg    . . .      Spirit   .    c - +0 leather armour
rPois   .          Reflect  .    (no helmet)
rElec   .          Harm     .    o - +0 cloak
rCorr   .          Rampage  .    (no gloves)
Will    .....                    n - +1 pair of boots
Stlth   +++                      (no amulet)
HPRegen 0.25/turn                (no ring)
MPRegen 0.09/turn                (no ring)

@: weak-willed
A: small, no large weapons, nightstalker 3
a: no special abilities


You were on level 3 of the Dungeon.
You visited 1 branch of the dungeon, and saw 3 of its levels.

You collected 123 gold pieces.

Inventory:

Hand Weapons
 a - a +0 shortbow
 m - a +1 heavy double sword (weapon)
Armour
 c - a +0 leather armour (worn)
 g - a +0 pair of boots
 n - a +1 pair of boots (worn)
 o - a +0 cloak (worn)
Scrolls
 b - 2 scrolls of immolation
 h - a scroll of teleportation
 k - a scroll of enchant armour {unknown}
 l - a scroll of summoning {unknown}
 p - a scroll of poison {unknown}
 q - a scroll of noise {unknown}
Potions
 e - a potion of attraction {unknown}
 f - 2 potions of mutation {unknown}
 j - a potion of brilliance {unknown}


   Skills:
 + Level 4.5 Fighting
 - Level 5.3 Ranged Weapons
 - Level 2.4 Dodging
 - Level 1.3 Stealth


You had 3 spell levels left.
You didn't know any spells.
Your spell library was empty.

Dungeon Overview and Level Annotations

Branches:
Dungeon (2/15)

Altars:
Xom

Annotations:
D:3 Ijyb


Innate Abilities, Weirdness & Mutations

You are small and have problems with some larger weapons.
You are completely attuned to the shadows.


Message History

The endoplasm quivers.
The adder completely misses you.
You miss the adder. The adder bites you but does no damage.
The adder closely misses you. x2
You slash the adder!
You kill the adder!
The endoplasm hits you.
You have reached level 4!
You slice the endoplasm!!
You kill the endoplasm!
No target in view!
Okay, then.
As you read the scroll labelled YSEDUKKICH, it crumbles to dust.
You feel strangely unstable.
It was a scroll of teleportation.
As you read the scroll labelled FYGRIS KIUH, it crumbles to dust.
You assume a fearsome visage.
Nothing appears to happen.
It was a scroll of fear.
As you read the scroll labelled ULEFUESIR IRUH, it crumbles to dust.
Magic quickly surges around you.
It was a scroll of vulnerability.
Your surroundings suddenly seem different.
Ijyb the Twisted Goblin comes into view.
She is wielding a +0 club and carrying a wand of acid (7).
Found a mace.
Ijyb shouts!
Ijyb misses you.
You closely miss Ijyb. Ijyb hits you but does no damage.
Ijyb hits you with a +0 club.
You closely miss Ijyb. Ijyb closely misses you. x2
You hit Ijyb.
Ijyb is lightly wounded.
Ijyb zaps a wand.
The bolt of acid hits you! Ijyb hits you with a +0 club.
You hear an angry hiss.
You closely miss Ijyb.
Ijyb is lightly wounded.
Ijyb barely misses you. Ijyb hits you with a +0 club.
You closely miss Ijyb.
Ijyb is lightly wounded.
Ijyb closely misses you.
Ijyb zaps a wand.
The bolt of acid hits you!
* * * LOW HITPOINT WARNING * * *
Ijyb hits you with a +0 club.
You die...

.......#.
.........
........#
......g.#
.....@).#
........#
........#
........#
........#
........#
........#


You could see Ijyb.

Vanquished Creatures
  3 adders
  A worm (D:2)
  3 bats (D:2)
  2 endoplasms
  2 giant cockroaches (D:1)
  4 goblins (D:2)
  A hobgoblin (D:2)
  A quokka (D:3)
  4 ball pythons
  A frilled lizard (D:3)
  2 kobolds
  A rat (D:1)
25 creatures vanquished.

Notes
Turn   | Place    | Note
-------+----------+-------------------------------------------
     0 | D:1      | Newt the Kobold Hunter began the quest for the Orb.
     0 | D:1      | Reached XP level 1. HP: 12/12 MP: 1/1
   584 | D:2      | Reached XP level 2. HP: 18/18 MP: 2/2
   762 | D:2      | Reached XP level 3. HP: 23/23 MP: 3/3
  1031 | D:2      | Found a shimmering altar of Xom.
  1121 | D:2      | You fall into a shaft and drop 1 floor!
  1215 | D:3      | Reached XP level 4. HP: 28/30 MP: 4/4
  1218 | D:3      | Noticed Ijyb
  1225 | D:3      | Slain by Ijyb

Illustrated notes

Levels and vault maps discovered:
D:1:      dpeg_arrival_arbitrary_b, layout_basic
D:2:      layout_basic, basic_altar, hangedman_decor_push, minmay_goblin_outpost
D:3:      layout_basic, hellmonk_ecumenical_altar_lost_god, uniq_ijyb,
          uniq_robin, uniq_jessica

Skill      XL: |  1  2  3 |
---------------+----------+-----
Fighting       | 3 4 |  4.5
Ranged Weapons | |  5.3
Dodging        | |  2.4
Stealth        | |  1.3

Action                     |  1- 3 |  4- 6 || total
---------------------------+-------+-------++-------
  Melee: Double sword      |    26 |     6 ||    32
   Fire: Shortbow          |    18 |       ||    18
    Use: Scroll            |       |     3 ||     3
   Stab: Sleeping          |     8 |       ||     8
 Armour: Leather armour    |     8 |     1 ||     9
  Dodge: Dodged            |    35 |     5 ||    40

Table legend: (Time is in decaauts)
 A = Elapsed time spent in this place.
 B = Non-inter-level travel time spent in this place.
 C = Inter-level travel time spent in this place.
 D = Time resting spent in this place.
 E = Time spent auto-exploring this place.
 F = Levels seen in this place.
 G = Mean time per level.
                   A        B        C        D        E       F      G
               +--------+--------+--------+--------+--------+-----+--------+
         Total |   1267 |   1178 |     89 |     46 |    917 |   3 |  422.3 |
       Dungeon |   1267 |   1178 |     89 |     46 |    917 |   3 |  422.3 |
               +--------+--------+--------+--------+--------+-----+--------+

Top non-repeatable levels by time:
     D:1: 643 daAuts
     D:2: 509 daAuts
     D:3: 114 daAuts
